 Dungeon Crawl Stone Soup version 0.31-a0-675-g238779eb0a (webtiles) character file.

Game seed: 13616031358905906230

2811 Joey1 the Cleaver (level 9, -9/74 HPs)
             Began as a Minotaur Berserker on Sept 5, 2023.
             Was an Elder of Trog.
             Killed from afar by an electric eel (11 damage)
             ... with a bolt of electricity
             ... in a bailey.
             The game lasted 00:21:56 (6258 turns).

Joey1 the Cleaver (Minotaur Berserker)              Turns: 6258, Time: 00:21:57

Health: -9/74      AC: 10    Str: 26    XL:     9   Next: 44%
Magic:  8/8        EV: 10    Int:  4    God:    Trog [****..]
Gold:   366        SH:  0    Dex: 10    Spells: 8/8 levels left

rFire   . . .        p - +2 hand axe (pain)
rCold   . . .        (no shield)
rNeg    . . .        j - +0 chain mail
rPois   .            (helmet restricted)
rElec   .            (no cloak)
rCorr   .            (no gloves)
SInv    .            l - +0 pair of boots
Will    .....        t - amulet of regeneration Stlth
                     u - ring of flight
HPRegen 1.12/turn    (no ring)
MPRegen 0.11/turn

%: no passive effects
@: flying
A: horns 2, retaliatory headbutt
a: Renounce Religion, Berserk, Trog's Hand, Brothers in Arms


You were in a bailey.
You worshipped Trog.
Trog was greatly pleased with you.
You visited 1 branch of the dungeon, and saw 7 of its levels.
You also visited: Ossuary and Bailey.

You collected 562 gold pieces.
You spent 196 gold pieces at shops.

Inventory:

Hand Weapons
 a - a +0 hand axe
 p - a +2 hand axe of pain (weapon)
 z - a +0 mace
 H - a +2 spear of freezing
Missiles
 x - 6 silver javelins
 y - a boomerang
 A - 14 poisoned darts
Armour
 b - a +0 animal skin
 i - a +0 leather armour
 j - a +0 chain mail (worn)
 l - a +0 pair of boots (worn)
Jewellery
 t - an amulet of regeneration (around neck)
 u - a ring of flight (left hand)
Wands
 k - a wand of flame (49)
 s - a wand of iceblast (9)
 v - a wand of quicksilver (14)
Scrolls
 g - 2 scrolls of immolation
 h - a scroll of enchant weapon
 n - a scroll of revelation
 o - a scroll of poison
 w - a scroll of acquirement {unknown}
 C - a scroll of silence {unknown}
 D - 3 scrolls of teleportation {unknown}
 E - 2 scrolls of blinking {unknown}
 I - a scroll of vulnerability {unknown}
 K - a scroll of noise {unknown}
 L - 3 scrolls of fear {unknown}
Potions
 c - 4 potions of haste
 d - a potion of resistance {unknown}
 e - 2 potions of heal wounds {unknown}
 f - 2 potions of attraction {unknown}
 m - a potion of might
 q - a potion of enlightenment {unknown}
 r - a potion of lignification {unknown}
 B - a potion of mutation {unknown}
 F - 2 potions of ambrosia
 G - 3 potions of curing
 J - 4 potions of brilliance {unknown}
 M - a potion of degeneration {unknown}


   Skills:
 + Level 5.5 Fighting
 - Level 14.0 Axes
 + Level 3.7 Armour
 + Level 5.4 Dodging


You had 8 spell levels left.
You didn't know any spells.
Your spell library was empty.

Dungeon Overview and Level Annotations

Branches:
Dungeon (7/15)             Temple (0/1) D:4         Ossuary (visited)
 Bailey (1/1)

Altars:
Hepliaklqana
Xom

Shops:
D:1 =   D:2 !   D:6 *


Innate Abilities, Weirdness & Mutations

You have a pair of horns on your head.
You reflexively headbutt those who attack you in melee.


Message History

The bolt of electricity hits you.
The electric eel shoots out a bolt of lightning at you!
The bolt of electricity hits you.
The electric eel shoots out a bolt of lightning at you!
The bolt of electricity hits you.
You miss the electric eel. Your headbutt misses the electric eel.
You miss the electric eel.
The electric eel shoots out a bolt of lightning at you!
The bolt of electricity misses you.
The electric eel shoots out a bolt of lightning at you!
The bolt of electricity hits you!
You slash the electric eel!
The electric eel is heavily wounded.
The electric eel shoots out a bolt of lightning at you!
The bolt of electricity hits you!
* * * LOW HITPOINT WARNING * * *
You slash the electric eel!
You kill the electric eel!
Trog accepts your kill.
You hear a splash.
You closely miss the electric eel. Your headbutt misses the electric eel.
The electric eel shoots out a bolt of lightning at you!
The bolt of electricity hits you!
* * * LOW HITPOINT WARNING * * *
You closely miss the electric eel. You miss the electric eel.
You headbutt the electric eel. Your punch misses the electric eel.
The electric eel is lightly wounded.
You barely miss the electric eel.
The electric eel is lightly wounded.
The electric eel shoots out a bolt of lightning at you!
The bolt of electricity hits you.
* * * LOW HITPOINT WARNING * * *
You slash the electric eel! Your headbutt misses the electric eel.
The electric eel is severely wounded.
You closely miss the electric eel. Your headbutt misses the electric eel.
The electric eel is severely wounded.
The electric eel shoots out a bolt of lightning at you!
The bolt of electricity hits you!
You die...

#.~≈≈≈≈≈≈≈≈#
#.~≈≈≈≈≈≈≈≈#
#.~≈≈≈≈≈≈≈≈#
#.~≈≈≈≈≈≈≈≈#
#.~≈≈≈≈≈≈≈≈#
#.~≈≈≈≈≈≈≈≈#
#.~≈≈≈≈S≈≈≈#
#.~≈≈≈≈@≈≈≈#
#.~≈≈≈≈≈≈≈≈#
#.~≈≈≈≈≈≈≈≈#
#.~≈≈≈≈≈≈≈≈#
#+#≈≈≈≈≈≈≈≈#
#≈≈≈≈≈≈≈≈#
#≈≈≈≈≈≈≈≈#
++#####
#≈≈≈≈≈≈≈≈#
......#
#≈≈≈≈≈≈≈≈#


You could see an electric eel.

Vanquished Creatures
  Sigmund (D:6)
  Eustachio (D:4)
  A steam dragon (D:6)
  Edmund (D:6)
  Duvessa (D:4)
  An orc warrior (D:6)
  A centaur (D:6)
  3 phantoms (D:5)
  A kobold brigand (D:6)
  Blork the orc (D:6)
  A bullfrog (D:6)
  3 scorpions
  7 wights (D:6)
  Dowan (D:4)
  3 electric eels (Bailey)
  A howler monkey (D:6)
  2 hounds
  4 jellies
  2 gnoll boudas
  2 orc priests (D:4)
  3 iguanas (D:6)
  Jessica (D:2)
  Terence (D:3)
  2 orc wizards
  9 mummies
  7 gnolls
  7 adders
  A white imp (D:6)
  3 worms
  3 dart slugs
  14 orcs
  5 endoplasms
  2 giant cockroaches
  2 gnoll zombies (Ossuary)
  5 goblins
  5 hobgoblins
  9 jackals
  13 kobolds
  A quokka (D:1)
  6 ball pythons
  6 bats
  4 frilled lizards
  2 hobgoblin zombies (Ossuary)
  A kobold zombie (Ossuary)
  3 orc zombies (Ossuary)
  4 rats
157 creatures vanquished.

Notes
Turn   | Place    | Note
-------+----------+-------------------------------------------
     0 | D:1      | Joey1 the Minotaur Berserker began the quest for the Orb.
     0 | D:1      | Reached XP level 1. HP: 19/19 MP: 0/0
   136 | D:1      | Reached XP level 2. HP: 22/27 MP: 1/1
   737 | D:1      | Found Veatipp's Jewellery Boutique.
   775 | D:1      | Reached skill level 4 in Axes
  1181 | D:2      | Reached XP level 3. HP: 32/33 MP: 2/2
  1436 | D:2      | Noticed Jessica
  1444 | D:2      | Killed Jessica
  1445 | D:2      | Reached XP level 4. HP: 38/41 MP: 3/3
  1469 | D:2      | Reached ** piety under Trog
  1681 | D:2      | Found Rolybluu's Distillery.
  1774 | D:2      | Bought a potion of might for 56 gold pieces
  1892 | D:3      | Found a transporter.
  1989 | D:3      | Found a transporter.
  2024 | D:3      | Identified the +2 whip of the Howling Gods {spect, Fly}
  2120 | D:3      | Noticed Terence
  2128 | D:3      | Killed Terence
  2129 | D:3      | Reached XP level 5. HP: 47/47 MP: 4/4
  2404 | D:3      | Reached skill level 5 in Axes
  2464 | D:3      | Reached skill level 5 in Fighting
  2648 | D:4      | Noticed Eustachio
  2658 | D:4      | Killed Eustachio
  2659 | D:4      | Reached XP level 6. HP: 56/56 MP: 5/5
  2820 | D:4      | Noticed Dowan
  2822 | D:4      | Noticed Duvessa
  2834 | D:4      | Killed Duvessa
  2834 | D:4      | Killed Dowan
  2835 | D:4      | Reached skill level 6 in Axes
  2835 | D:4      | Reached skill level 5 in Dodging
  3046 | D:4      | Reached skill level 7 in Axes
  3276 | D:4      | Found a staircase to the Ecumenical Temple.
  3389 | D:4      | Reached *** piety under Trog
  3717 | D:4      | Reached XP level 7. HP: 50/61 MP: 6/6
  3985 | D:5      | Entered Level 5 of the Dungeon
  4077 | D:5      | Reached skill level 8 in Axes
  4207 | D:5      | Reached skill level 9 in Axes
  4381 | D:5      | Reached XP level 8. HP: 68/68 MP: 7/7
  4687 | D:5      | Found a hazy altar of Hepliaklqana.
  4688 | D:5      | Found a shimmering altar of Xom.
  4689 | D:5      | Noticed a spectral ugly thing
  4832 | D:2      | Bought a potion of haste for 140 gold pieces
  4923 | D:6      | Reached skill level 10 in Axes
  4990 | D:6      | Noticed Blork the orc
  4994 | D:6      | Noticed Sigmund
  5001 | D:6      | Killed Blork the orc
  5005 | D:6      | Killed Sigmund
  5006 | D:6      | Reached skill level 11 in Axes
  5108 | D:6      | Reached skill level 12 in Axes
  5174 | D:6      | Found a sand-covered staircase.
  5186 | Ossuary  | Entered an ossuary
  5249 | Ossuary  | Reached **** piety under Trog
  5554 | D:6      | Reached skill level 13 in Axes
  5554 | D:6      | Reached XP level 9. HP: 71/72 MP: 8/8
  5602 | D:6      | Noticed Edmund
  5609 | D:6      | Killed Edmund
  5689 | D:6      | Found Eghoa's Overcharged Wands.
  5992 | D:6      | Reached skill level 14 in Axes
  6164 | D:7      | Found a flagged portal.
  6170 | Bailey   | Entered a bailey
  6256 | Bailey   | HP: 1/74 [electric eel/bolt of electricity (6)]
  6258 | Bailey   | Killed from afar by an electric eel

Illustrated notes

Levels and vault maps discovered:
D:1:      sevenhm_arrival_forest_fort_large_4, layout_basic, serial_shops,
          nicolae_shop_gaudy_bauble, kennysheep_flooded_box
D:2:      layout_loops_cross, serial_shops, nicolae_shop_hallway_plus,
          nicolae_wormholes, uniq_jessica
D:3:      gammafunk_wand_slinger, layout_basic, minmay_ruptured, uniq_terence
D:4:      layout_basic, minmay_temple_entry_statues_pillars, uniq_duvessa,
          uniq_eustachio
D:5:      layout_basic, regret_index_temple_of_mockery
D:6:      minmay_diamond_boxcup, layout_basic, gup_ossuary_entry_pyramid,
          nicolae_shop_overcharged_wands, uniq_edmund, uniq_sigmund,
          uniq_blork_the_orc
D:7:      layout_layer_cave, enter_bailey_2
Bailey:   bailey_axe_of_yendor_kennysheep, bailey

Skill      XL: |  1  2  3  4  5  6  7  8  9 |
---------------+----------------------------+-----
Fighting       | 4 5 |  5.5
Axes           | 4 5 7 9 13 14 | 14.0
Armour         | 3 |  3.7
Dodging        | 3 4 5 |  5.4

Action                     |  1- 3 |  4- 6 |  7- 9 || total
---------------------------+-------+-------+-------++-------
  Melee: Hand axe          |    53 |   117 |   282 ||   452
         Headbutt          |     9 |    15 |    41 ||    65
         Punch             |     1 |     1 |     2 ||     4
 Invoke: Berserk           |       |     3 |     2 ||     5
         Trog's Hand       |       |       |     1 ||     1
    Use: Scroll            |       |       |     7 ||     7
         Potion            |       |       |     1 ||     1
   Stab: Sleeping          |     2 |       |       ||     2
 Armour: Animal skin       |    26 |       |       ||    26
         Chain mail        |     5 |    76 |   189 ||   270
  Dodge: Dodged            |    35 |    45 |    87 ||   167

Table legend: (Time is in decaauts)
 A = Elapsed time spent in this place.
 B = Non-inter-level travel time spent in this place.
 C = Inter-level travel time spent in this place.
 D = Time resting spent in this place.
 E = Time spent auto-exploring this place.
 F = Levels seen in this place.
 G = Mean time per level.
                   A        B        C        D        E       F      G
               +--------+--------+--------+--------+--------+-----+--------+
         Total |   6253 |   5613 |    640 |    312 |   4110 |   9 |  694.8 |
       Dungeon |   5946 |   5306 |    640 |    280 |   3955 |   7 |  849.4 |
       Ossuary |    225 |    225 |      0 |      0 |    155 |   1 |  225.0 |
        Bailey |     81 |     81 |      0 |     32 |      0 |   1 |   81.0 |
               +--------+--------+--------+--------+--------+-----+--------+

Top non-repeatable levels by time:
     D:4: 1412 daAuts
     D:1: 1058 daAuts
     D:6: 912 daAuts
     D:3: 873 daAuts
     D:2: 832 daAuts
     D:5: 817 daAuts
 Ossuary: 225 daAuts
  Bailey: 81 daAuts
     D:7: 40 daAuts
